 Dungeon Crawl Stone Soup version 0.29-a0-330-g52719c12eb (webtiles) character file.

Game seed: 13435859849865138924

23865 kae the Severer (level 13, -4/177 HPs)
             Began as a Hill Orc Fighter on May 17, 2022.
             Was a Priest of Qazlal.
             Slain by a minotaur
             ... wielding the +9 war axe of Bydaabelu {vorpal, rN+ Will+ rCorr}
              (34 damage)
             ... in a Gauntlet.
             The game lasted 00:10:12 (15992 turns).

kae the Severer (Hill Orc Fighter)                 Turns: 15992, Time: 00:10:13

Health: -4/177     AC: 14    Str: 30    XL:     13   Next: 9%
Magic:  21/21      EV: 10    Int:  8    God:    Qazlal [***...]
Gold:   1062       SH: 13    Dex: 14    Spells: 12/12 levels left

rFire   . . .      SeeInvis .   G - +8 broad axe "Goniaf" {vorpal, rC+++ Will-}
rCold   + + +      Faith    .   y - +3 buckler of the End {rElec Dex+4}
rNeg    . . .      Spirit   .   b - +0 scale mail
rPois   .          Reflect  .   k - +0 helmet
rElec   +          Harm     .   (no cloak)
rCorr   .          Rampage  .   (no gloves)
Will    .....      NoTele   +   (no boots)
Stlth   ..........              r - amulet of the acrobat
HPRegen 0.39/turn               v - +4 ring of protection
MPRegen 0.17/turn               t - +6 ring of strength

@: berserking, studying Slings, very quick
A: no striking features
a: Renounce Religion, Upheaval, Elemental Force


You were in a Gauntlet.
You worshipped Qazlal.
Qazlal was most pleased with you.
You visited 3 branches of the dungeon, and saw 14 of its levels.
You also visited: Bailey and Gauntlet.

You collected 1062 gold pieces.

Inventory:

Hand Weapons
 a - a +1 war axe of protection
 z - a +0 glaive
 G - the +8 broad axe "Goniaf" (weapon) {vorpal, rC+++ Will-}
   (You acquired it on level 11 of the Dungeon)

   It inflicts extra damage upon your enemies.
   rC:        It renders you almost immune to cold.
   Will:      It decreases your willpower.
 H - a +3 vorpal battleaxe
Missiles
 o - 2 throwing nets (quivered)
Armour
 b - a +0 scale mail (worn)
 c - a +1 buckler
 k - a +0 helmet (worn)
 y - the +3 buckler of the End (worn) {rElec Dex+4}
   (You acquired it on level 9 of the Dungeon)

   Dex:       It affects your dexterity (+4).
   rElec:     It insulates you from electricity.
Jewellery
 r - an amulet of the acrobat (around neck)
 t - a +6 ring of strength (right hand)
 v - a +4 ring of protection (left hand)
 J - a ring of see invisible
 L - a +6 ring of dexterity
 N - a +4 ring of protection
Wands
 g - a wand of digging (11)
 m - a wand of iceblast (6)
 C - a wand of paralysis (6)
 F - a wand of mindburst (10)
 K - a wand of flame (15)
Scrolls
 i - 3 scrolls of fear
 j - 5 scrolls of teleportation
 p - a scroll of fog
 q - 3 scrolls of enchant armour
 w - 3 scrolls of brand weapon
 D - a scroll of immolation
 M - a scroll of silence
Potions
 d - 4 potions of might
 e - 3 potions of brilliance
 f - 6 potions of attraction
 h - 2 potions of degeneration
 l - 5 potions of flight
 n - a potion of lignification
 s - 2 potions of haste
 u - 2 potions of ambrosia
 x - 2 potions of mutation
 A - 4 potions of invisibility
 E - a potion of curing
 I - a potion of resistance {unknown}


   Skills:
 + Level 12.0 Fighting
 - Level 16.0 Axes
 + Level 11.1 Armour
 - Level 9.0 Shields
 + Level 11.9 Invocations


You had 12 spell levels left.
You didn't know any spells.
Your spell library contained the following spells:

 Spells                   Type           Power      Damage    Failure   Level
 Magic Dart               Conj           0%         1d3       67%         1
 Summon Small Mammal      Summ           0%         N/A       67%         1
 Searing Ray              Conj           0%         2d4       82%         2
 Call Canine Familiar     Summ           0%         N/A       96%         3
 Summon Guardian Golem    Hex/Summ       0%         N/A       96%         3
 Fulminant Prism          Conj/Hex       0%         3d6       100%        4
 Iskenderun's Battlesphe  Conj           0%         2d6       100%        5
 Iron Shot                Conj/Erth      0%         9d1       100%        6
 Spellforged Servitor     Conj/Summ      0%         N/A       100%        7


Dungeon Overview and Level Annotations

Branches:
Dungeon (12/15)            Temple (1/1) D:6            Lair (1/6) D:10
    Orc (0/2) D:12         Bailey (visited)         Gauntlet (1/1)

Altars:
Ashenzari
Cheibriados
Dithmenos
Elyvilon
Fedhas
Gozag
Hepliaklqana
Kikubaaqudgha
Makhleb
Nemelex Xobeh
Okawaru
Qazlal
Ru
Sif Muna
Trog
Uskayaw
Vehumet
Wu Jian
Xom
Yredelemnul
Zin
The Shining One

Shops:
D:8 [

Annotations:
D:5 1 runed translucent door, Crazy Yiuf Gauntlet 4 transporters


Message History

You block the minotaur's attack.
You are too injured to fight recklessly!
You are too injured to fight recklessly!
You are too injured to fight recklessly!
You are too injured to fight recklessly!
You are too injured to fight recklessly!
You slash the minotaur!
The minotaur is lightly wounded.
The minotaur blocks your attack.
The minotaur is lightly wounded.
The minotaur hits you with the +9 war axe of Bydaabelu {vorpal, rN+ Will+ rCorr}!
The minotaur gores you. The minotaur blocks your attack.
The minotaur is lightly wounded.
The minotaur hits you but does no damage.
The minotaur gores you but does no damage.
You slash the minotaur!
The minotaur is moderately wounded.
You block the minotaur's attack. The minotaur gores you!
A red film seems to cover your vision as you go berserk!
You feel yourself moving faster!
You feel mighty!
The minotaur hits you with the +9 war axe of Bydaabelu {vorpal, rN+ Will+ rCorr}!
* * * LOW HITPOINT WARNING * * *
x2 The minotaur gores you but does no damage.
The minotaur blocks your attack.
The minotaur is moderately wounded.
The minotaur blocks your attack.
The minotaur is moderately wounded.
The minotaur hits you but does no damage.
You block the minotaur's attack.
You slash the minotaur!
The minotaur is heavily wounded.
The minotaur misses you. The minotaur gores you!
* * * LOW HITPOINT WARNING * * *
You slash the minotaur!
The minotaur is almost dead.
The minotaur blocks your attack.
The minotaur is almost dead.
The minotaur hits you with the +9 war axe of Bydaabelu {vorpal, rN+ Will+ rCorr}!!
You die...

########...#..#©.#..#
#........8.#..#.#..#.
##.##.###...#..##..#..
#8........8.#..#..#..#
#.....#.#...#..#[#..#.
#######.#.#...#..#######
[8=8.8#...#.©.#≈§.......
......H.###...#§§.......
#@..#.©.#≈........
#####.#.#...#..#######
#.....#.#...#..#...#.#
#8........8.#..#..#...
##.##.###...#..#.##...
#........8.#..#=.##.#
########...#..#©.#.©.
#≈8≈#..#[.##.#
#####..#!##...


You could see a minotaur.

Vanquished Creatures
  A fire dragon (D:12)
  Erolcha (D:10)
  A catoblepas (D:12)
  6 two-headed ogres
  A large abomination (Gauntlet)
  A necromancer (Gauntlet)
  2 deep elf pyromancers
  2 ugly things
  2 cyclopes (D:12)
  3 manticores
  Maurice (D:12)
  A spectral centaur (D:10)
  A centaur zombie (D:10)
  2 centaur skeletons (D:10)
  A gargoyle (D:10)
  An unseen horror (D:10)
  3 trolls (D:12)
  3 hornets
  3 slime creatures (Gauntlet)
  A shadow (D:10)
  A wyvern (D:9)
  19 yaks
  4 vampire mosquitoes
  2 wargs (D:10)
  15 orc warriors
  3 sky beasts
  3 small abominations (Gauntlet)
  2 black bears
  2 ice beasts (D:7)
  2 ogres
  4 wolves (Gauntlet)
  11 centaurs (Bailey)
  3 phantoms
  4 bullfrogs
  4 kobold brigands
  A gnoll sergeant (D:8)
  3 scorpions
  8 wights
  12 killer bees
  A howler monkey (D:7)
  9 jellies
  3 hounds
  3 orc priests
  2 iguanas
  5 orc wizards
  12 gnolls
  A howler monkey skeleton (D:10)
  7 adders
  A shadow imp (D:5)
  A white imp (D:6)
  A dart slug (D:4)
  42 orcs
  8 endoplasms
  A giant cockroach (D:1)
  12 goblins
  2 hobgoblins
  2 jackals (D:3)
  14 kobolds
  7 quokkas
  6 ball pythons
  6 bats
  A frilled lizard (D:1)
  3 rats (D:3)
290 creatures vanquished.

Vanquished Creatures (others)
  4 orcs (Bailey)
  3 demonic plants (Gauntlet)
  5 fungi
  14 withered plants (Gauntlet)
26 creatures vanquished.

Grand Total: 316 creatures vanquished

Notes
Turn   | Place    | Note
-------+----------+-------------------------------------------
     0 | D:1      | kae the Hill Orc Fighter began the quest for the Orb.
     0 | D:1      | Reached XP level 1. HP: 19/19 MP: 1/1
    54 | D:1      | Reached skill level 3 in Axes
   280 | D:1      | Reached XP level 2. HP: 23/26 MP: 2/2
   414 | D:1      | Reached skill level 4 in Axes
   421 | D:1      | Reached XP level 3. HP: 14/31 MP: 3/3
   594 | D:1      | Found a faded altar of an unknown god.
  1160 | D:2      | Reached skill level 5 in Axes
  1182 | D:2      | Found a white marble altar of Elyvilon.
  1581 | D:3      | Reached XP level 4. HP: 39/39 MP: 4/4
  1581 | D:3      | Noticed a kobold brigand
  1594 | D:3      | Killed a kobold brigand
  1595 | D:3      | Reached skill level 6 in Axes
  1595 | D:3      | Reached XP level 5. HP: 4/45 MP: 5/5
  1876 | D:3      | Found a sparkling altar of Nemelex Xobeh.
  1937 | D:3      | Found a bloodstained altar of Trog.
  1949 | D:3      | Reached skill level 7 in Axes
  2052 | D:3      | Found a shimmering altar of Xom.
  2631 | D:4      | Found an opulent altar of Gozag.
  2712 | D:4      | Reached skill level 8 in Axes
  2716 | D:4      | Reached XP level 6. HP: 42/51 MP: 6/6
  2907 | D:4      | Reached skill level 9 in Axes
  2950 | D:4      | Found a radiant altar of Vehumet.
  3238 | D:4      | Reached XP level 7. HP: 39/57 MP: 7/7
  3411 | D:4      | Found a sacrificial altar of Ru.
  3423 | D:4      | Reached skill level 10 in Axes
  3452 | D:4      | Found a snail-covered altar of Cheibriados.
  3548 | D:5      | Entered Level 5 of the Dungeon
  3684 | D:5      | Reached skill level 11 in Axes
  3721 | D:5      | Reached XP level 8. HP: 62/64 MP: 8/8
  3827 | D:5      | Found a runed translucent door.
  3828 | D:5      | Noticed Crazy Yiuf
  3880 | D:5      | Found a hazy altar of Hepliaklqana.
  4165 | D:6      | Reached skill level 12 in Axes
  4262 | D:6      | Found a staircase to the Ecumenical Temple.
  4744 | D:6      | Reached skill level 13 in Axes
  4923 | D:6      | Reached skill level 14 in Axes
  5132 | D:7      | Reached XP level 9. HP: 55/70 MP: 9/9
  5363 | D:7      | Reached skill level 15 in Axes
  5766 | D:7      | Reached skill level 16 in Axes
  5974 | D:7      | Found a glowing golden altar of the Shining One.
  6250 | Temple   | Entered the Ecumenical Temple
  6405 | Temple   | Became a worshipper of Qazlal Stormbringer
  6611 | D:8      | Reached skill level 5 in Fighting
  6636 | D:8      | Noticed a green ugly thing
  6653 | D:8      | Killed a green ugly thing
  6654 | D:8      | Reached skill level 5 in Armour
  6654 | D:8      | Reached XP level 10. HP: 76/83 MP: 9/12
  6686 | D:8      | Found Fipnaud's Armour Boutique.
  6871 | D:8      | Found a shimmering blue altar of Sif Muna.
  6873 | D:8      | Found a broken altar of Ashenzari.
  6967 | D:9      | Identified a scroll of acquirement
  6967 | D:9      | Acquired the +3 buckler of the End {rElec Dex+4}
  7032 | D:9      | Noticed a two-headed ogre
  7047 | D:9      | Killed a two-headed ogre
  7367 | D:9      | Found a flagged portal.
  7376 | D:9      | Reached * piety under Qazlal
  7471 | Bailey   | Entered a bailey
  7733 | Bailey   | Reached skill level 5 in Invocations
  8287 | Bailey   | Identified the +9 hunting sling "Eqihy" {vorpal, Dex+3}
  8503 | Bailey   | Reached skill level 5 in Shields
  9897 | Bailey   | Reached ** piety under Qazlal
 10296 | D:9      | Reached XP level 11. HP: 82/94 MP: 15/15
 10573 | D:9      | Found a glowing silver altar of Zin.
 10573 | D:9      | Noticed an angel
 11030 | D:10     | Entered Level 10 of the Dungeon
 11065 | D:10     | Found a staircase to the Lair.
 11086 | D:10     | HP: 3/95 [orc warrior/+0 glaive (7)]
 11823 | D:10     | Noticed Erolcha
 11826 | D:10     | Killed Erolcha
 12062 | D:10     | Found a hide-covered altar of Uskayaw.
 12181 | D:10     | Noticed a two-headed ogre
 12188 | D:10     | Killed a two-headed ogre
 12454 | D:10     | Noticed a red ugly thing
 12466 | D:10     | Killed a red ugly thing
 12781 | D:11     | Acquired the +8 broad axe "Goniaf" {vorpal, rC+++ Will-}
 12797 | D:11     | Noticed a manticore
 12802 | D:11     | Killed a manticore
 12857 | D:11     | Noticed a two-headed ogre
 12864 | D:11     | Killed a two-headed ogre
 12865 | D:11     | Reached skill level 10 in Fighting
 12865 | D:11     | Reached XP level 12. HP: 89/106 MP: 18/18
 13149 | D:11     | You fall into a shaft and drop 1 floor!
 13154 | D:12     | Noticed a fire dragon
 13162 | D:12     | Killed a fire dragon
 13294 | D:12     | Noticed Maurice
 13317 | D:12     | Killed Maurice
 13458 | D:11     | Noticed a two-headed ogre
 13467 | D:11     | Killed a two-headed ogre
 13468 | D:11     | Reached skill level 10 in Invocations
 13675 | D:11     | Noticed a two-headed ogre
 13684 | D:11     | Killed a two-headed ogre
 14156 | D:11     | Reached skill level 10 in Armour
 14391 | D:12     | Noticed a catoblepas
 14399 | D:12     | Killed a catoblepas
 14445 | D:12     | Noticed a two-headed ogre
 14457 | D:12     | Killed a two-headed ogre
 14934 | D:12     | Found a staircase to the Orcish Mines.
 15028 | Lair:1   | Entered Level 1 of the Lair of Beasts
 15109 | Lair:1   | Found a gate leading to a gauntlet.
 15192 | Gauntlet | Entered a Gauntlet
 15192 | Gauntlet | Found a transporter.
 15192 | Gauntlet | Found a transporter.
 15192 | Gauntlet | Found a transporter.
 15193 | Gauntlet | Found a transporter.
 15196 | Gauntlet | Found a transporter.
 15208 | Gauntlet | Noticed a hell beast
 15211 | Gauntlet | Found a transporter.
 15214 | Gauntlet | Found a transporter.
 15219 | Gauntlet | Found a transporter.
 15227 | Gauntlet | Found a transporter.
 15244 | Gauntlet | Found a transporter.
 15252 | Gauntlet | Found a transporter.
 15269 | Gauntlet | Found a transporter.
 15500 | Gauntlet | Reached *** piety under Qazlal
 15501 | Gauntlet | Reached XP level 13. HP: 59/117 MP: 21/21
 15979 | Gauntlet | Identified the +9 war axe of Bydaabelu {vorpal, rN+ Will+
                  | rCorr}
 15979 | Gauntlet | Noticed a minotaur
 15992 | Gauntlet | Slain by a minotaur

Illustrated notes

Levels and vault maps discovered:
D:1:      dpeg_arrival_simpleton_a, layout_basic,
          chequers_ecumenical_altar_simple_redux
D:2:      kennysheep_big_flooded_room, layout_basic, basic_altar
D:3:      layout_loops_ring, trog_butcher_becter,
          mainiacjoe_overflow_catch_the_wave, corexii_item_surrounded_by_moat
D:4:      nicolae_cairo_tiling, layout_loops_cross,
          mainiacjoe_overflow_cross_hatched,
          mainiacjoe_overflow_large_starburst, fiery_altar_vehumet,
          chequers_serial_rivers_room_a
D:5:      layout_basic, lemuel_doored_altar,
          hangedman_abyss_or_decor_lesser_grid, uniq_crazy_yiuf_cottage
D:6:      layout_basic, minmay_temple_entry_mist, minmay_manual_monstrance
D:7:      layout_rooms, nicolae_tso_carved_into_rock
D:8:      layout_gridville, mainiacjoe_overflow_big_doors, serial_shops,
          nicolae_shop_crystal, minmay_unpleasant_kobolds
D:9:      layout_roguey, zin_angel, enter_bailey_2, lightli_orcish_oven
D:10:     layout_stronghold, old_standard_altar, erik_lair_orcish_takeover,
          hangedman_weighted_door, uniq_erolcha
D:11:     layout_long_grid, item_on_display_a
D:12:     layout_loops_ring, orc_0_dummy, uniq_maurice
Temple:   compressed_dpeg_triangle_lava_temple
Lair:1:   layout_long_grid, gauntlet_entry_generic, minivault_27,
          minmay_lair_oklob_items, serial_bayou_pond_a, serial_bayou_shore_b
Gauntlet: gammafunk_gauntlet_shortcut [nicolae_gauntlet_arena_grate_2,
          gammafunk_gauntlet_arena_chambers, nicolae_gauntlet_swirl,
          gammafunk_gauntlet_arena_mazey, nicolae_gauntlet_arena_x,
          gammafunk_gauntlet_arena_arrow_garden,
          nicolae_gauntlet_exit_dead_adventurers]

Skill      XL: |  1  2  3  4  5  6  7  8  9 10 11 12 13 |
---------------+----------------------------------------+-----
Axes           | 3 4 5 6 8 9 11 14 16 | 16.0
Fighting       | 5 7 10 11 12 | 12.0
Armour         | 5 7 9 10 11 | 11.1
Invocations    | 2 6 9 11 | 11.9
Shields        | 5 8 9 |  9.0

Action                   |  1- 3 |  4- 6 |  7- 9 | 10-12 | 13-15 || total
-------------------------+-------+-------+-------+-------+-------++-------
Melee: War axe           |   104 |   117 |   310 |   297 |       ||   828
       Glaive            |       |       |       |    22 |       ||    22
       Broad axe         |       |       |       |   141 |    30 ||   171
Invok: Upheaval          |       |       |       |     1 |       ||     1
Evoke: Wand              |       |     1 |       |    11 |       ||    12
  Use: Scroll            |       |     9 |     4 |    15 |       ||    28
       Potion            |       |       |     1 |     1 |     1 ||     3
Armor: Scale mail        |    57 |    47 |   140 |   193 |    13 ||   450
Dodge: Dodged            |    52 |    53 |   101 |   357 |     6 ||   569
Block: Buckler           |    18 |    35 |    70 |   244 |    12 ||   379
       Other             |       |       |       |     1 |       ||     1

Table legend: (Time is in decaauts)
 A = Elapsed time spent in this place.
 B = Non-inter-level travel time spent in this place.
 C = Inter-level travel time spent in this place.
 D = Time resting spent in this place.
 E = Time spent auto-exploring this place.
 F = Levels seen in this place.
 G = Mean time per level.
                   A        B        C        D        E       F      G
               +--------+--------+--------+--------+--------+-----+--------+
         Total |  15908 |  15481 |    427 |   2021 |  11126 |  16 |  994.2 |
       Dungeon |  12011 |  11642 |    369 |    423 |   9704 |  12 | 1000.9 |
        Temple |    162 |    134 |     28 |      0 |    126 |   1 |  162.0 |
          Lair |    160 |    131 |     29 |      0 |     92 |   1 |  160.0 |
        Bailey |   2778 |   2778 |      0 |   1522 |    612 |   1 | 2778.0 |
      Gauntlet |    794 |    794 |      0 |     76 |    591 |   1 |  794.0 |
               +--------+--------+--------+--------+--------+-----+--------+

Top non-repeatable levels by time:
  Bailey: 2778 daAuts
    D:10: 1737 daAuts
    D:11: 1294 daAuts
     D:9: 1251 daAuts
     D:7: 1148 daAuts
     D:1: 1058 daAuts
     D:4: 1037 daAuts
     D:3: 988 daAuts
     D:6: 949 daAuts
    D:12: 923 daAuts
Gauntlet: 794 daAuts
     D:5: 583 daAuts
     D:8: 521 daAuts
     D:2: 516 daAuts
  Temple: 162 daAuts
